firemonkey, lawful male dwarven Archeologist ---------------- f#....<..........| | h |............... .........| a# |..............| ----+---- |..............+ --------+------- firemonkey the Field Worker Experience level: 3 Strength: 14 Dexterity: 11 Constitution: 10 Intelligence: 16 Wisdom: 16 Charisma: 9 Health: 0(28) Energy: 3(3) Def: 4 Gold: 380 Moves: 2048 Dungeon seed: UW9bt59kkNiqJcAc Game ID: firemonkey_1466693562 Your Inventory: Coins $ - 380 gold pieces Weapons a - a +2 bullwhip (alternate weapon; not wielded) A - a poisoned +0 dart Armor e - an uncursed +0 orcish helm (being worn) r - an uncursed +0 studded leather armor (being worn) Comestibles b - 3 uncursed food rations f - an uncursed fortune cookie k - 2 uncursed tins of lichen B - an uncursed avocado Scrolls t - a cursed scroll of remove curse Potions m - an uncursed potion of restore ability C - an uncursed potion of levitation Tools c - a +0 pick-axe (weapon in hand) d - a tinning kit (0:58) h - an uncursed sack Gems n - an uncursed turquoise stone q - an uncursed touchstone Spells and supernatural/magical abilities: Name Level Category Fail Memory W - pray for help -- divine ? -- Your skills at the end: Fighting Skills Weapon Skills pick-axe [Basic] whip [Basic] Spellcasting Skills Final Attributes: You were piously aligned. You had infravision. You were stealthy. You were fast. You are dead. Vanquished creatures: a fog cloud 2 giant ants a kobold lord an iguana an acid blob a giant rat a red mold a gnome zombie a gecko a jackal a fox 2 goblins 5 grid bugs 3 bats a lichen 2 kobold zombies 7 newts 32 creatures vanquished. Voluntary challenges: You used a wielded weapon 36 times, starting on turn 31. You were illiterate. You never genocided any monsters. You never polymorphed an object. You never changed form. You used no wishes. You never split a pudding. You never wrote Elbereth's name. You violated your moral code, losing 1 point of alignment, starting on turn 1964. Dungeon overview: The Dungeons of Doom: levels 1 to 9 Level 1 a fountain, some sinks a long staircase Level 2 a delicatessen, a fountain Level 3 an armor shop, some fountains Level 4 some fountains, a sink Level 5 a jewelry store, an altar to Quetzalcoatl, some fountains Level 6 a delicatessen Level 7 Level 8 many fountains Level 9 <- You were here History has recorded: On T:1 you entered the Dungeons of Doom to retrieve the Amulet of Yendor! On T:457 you reached level 2 of The Dungeons of Doom. On T:506 you reached level 3 of The Dungeons of Doom. On T:716 you reached level 4 of The Dungeons of Doom. On T:1112 you reached level 5 of The Dungeons of Doom. On T:1333 you advanced to experience level 2. On T:1344 you reached level 6 of The Dungeons of Doom. On T:1697 you reached level 7 of The Dungeons of Doom. On T:1749 you reached level 8 of The Dungeons of Doom. On T:2030 you reached level 9 of The Dungeons of Doom. On T:2043 you advanced to experience level 3. Score breakdown: Gold: 380 ( 8779 points) Experience: 3 levels ( 7878 points) Exploration: 9 levels ( 19.15%) (12510 points) Discoveries: 3 items ( 1.03%) ( 3040 points) Valuables value: (no points given unless you survive) Artifact value: 0 ( 0 points) Variety of kills: 17 monsters ( 4.46%) ( 6336 points) Turncount: 2048 turns ( -36 points) Survival: died (score multiplied by 80%) Total score: 30805 Latest messages: n - a turquoise stone. You miss the giant ant. The giant ant bites! (2x) You kill the giant ant! Welcome to experience level 3. You hit the giant ant. You miss the giant ant. The giant ant bites! (2x) You hit the giant ant! The giant ant bites! You hit the giant ant. You kill the giant ant! You hear some noises in the distance. You miss the giant ant. The giant ant bites! You hit the giant ant. The giant ant bites! You die... The sack is empty. The sack is empty. Final status: Goodbye firemonkey the Archeologist, killed by a giant ant... You died in The Dungeons of Doom on dungeon level 9 with 30805 points, and 380 pieces of gold, after 2048 moves. You were level 3 with a maximum of 28 hit points when you died.